 Dungeon Crawl Stone Soup version 0.21.0-3-g78d12a8 (webtiles) character file.

42 tidbits the Sneak (level 3, 2/14 HPs)
             Began as a Felid Summoner on Jan 8, 2018.
             Quit the game on level 3 of the Dungeon.
             The game lasted 00:06:17 (1116 turns).

tidbits the Sneak (Felid Summoner)                  Turns: 1116, Time: 00:06:18

Health: 2/14       AC:  1    Str:  5    XL:     3   Next: 35%
Magic:  6/7        EV: 18    Int: 16    God:
Gold:   48         SH:  0    Dex: 18    Spells: 0/6 levels left
                                        Lives:  0   Deaths: 0

rFire    . . .     SeeInvis +   c - 7 rations
rCold    . . .     Gourm    .   (shield unavailable)
rNeg     . . .     Faith    .   (armour unavailable)
rPois    .         Spirit   .   (helmet unavailable)
rElec    .         Reflect  .   (cloak unavailable)
rCorr    .         Harm     .   (gloves unavailable)
MR       .....                  (boots unavailable)
Stlth    +++.......             (no amulet)
HPRegen  0.04/turn              b - +2 ring of dexterity
MPRegen  0.10/turn              d - ring of flight

@: lethally poisoned (2 -> -1), quick
A: very small, no armour, no weapons or thrown items, stealth, claws 1, fangs 3,
see invisible, carnivore, speed 1, shaggy fur 1, slow metabolism 1, sharp paws
a: Evoke Flight


You were on level 3 of the Dungeon.
You were completely stuffed.

You visited 1 branch of the dungeon, and saw 3 of its levels.

You collected 48 gold pieces.

Inventory:

Missiles
 h - 7 arrows
Jewellery
 b - a +2 ring of dexterity (left paw)
   (You found it on level 1 of the Dungeon)
 d - a ring of flight (right paw)
   (You found it on level 1 of the Dungeon)
Scrolls
 f - a scroll of teleportation
 j - a scroll of blinking {unknown}
Books
 a - a book of Callings

   Spells                             Type                      Level
   a - Summon Small Mammal            Summoning                    1
   b - Call Imp                       Summoning                    2
   c - Call Canine Familiar           Summoning                    3
   d - Summon Guardian Golem          Hexes/Summoning              3
   e - Summon Lightning Spire         Summoning/Air                4
   f - Summon Ice Beast               Ice/Summoning                4
Comestibles
 c - 7 rations (in mouth)


   Skills:
 - Level 2.6 Dodging
 + Level 4.3 Stealth
 + Level 2.0 Unarmed Combat
 - Level 2.0 Spellcasting
 - Level 4.0 Summonings


You couldn't memorise any spells.
You knew the following spells:

 Your Spells              Type           Power        Failure   Level  Hunger
a - Summon Small Mammal   Summ           ##..         4%          1    #......
c - Call Canine Familiar  Summ           ##......     12%         3    ###....
i - Call Imp              Summ           ##......     6%          2    ###....


Dungeon Overview and Level Annotations

Branches:
Dungeon (3/15)

Altars:


Innate Abilities, Weirdness & Mutations

You cannot wear armour.
You are incapable of wielding weapons or throwing items.
Your paws allow you to move quietly. (Stealth)
You have sharp claws.
You have razor-sharp teeth.
You have supernaturally acute eyesight. (SInv)
You are carnivorous and can eat meat at any time.
You cover ground quickly.
You are covered in fur. (AC +1)
You have a slow metabolism.
Your sharp claws are effective at attacking unaware monsters.


Message History

You hit the orc but do no damage.
You feel sick. The orc hits you but does no damage.
You hit the orc.
The orc is lightly wounded.
The orc hits you but does no damage.
You smack the orc!
You kill the orc!
Your Unarmed Combat skill increases to level 2!
You hit the orc.
The orc is heavily wounded.
The orc hits you but does no damage.
You hit the orc but do no damage.
The orc is heavily wounded.
You feel sick. The orc hits you but does no damage.
You hit the orc.
The orc is severely wounded.
The orc hits you but does no damage.
You hit the orc but do no damage.
The orc is severely wounded.
The orc barely misses you.
Casting: Summon Small Mammal
Confirm with . or Enter, or press ? or * to list all spells.
The orc hits you but does no damage.
You feel sick. The orc barely misses you.
You barely miss the orc.
The orc is severely wounded.
The orc hits you but does no damage.
You hit the orc but do no damage.
The orc is severely wounded.
The orc barely misses you.
You smack the orc!
You kill the orc!
The kobold shoots a poisoned needle.
The poisoned needle hits you.
Casting: Summon Small Mammal
Confirm with . or Enter, or press ? or * to list all spells.
You feel sick.
You are no longer poisoned.
The kobold shoots a poisoned needle.
The poisoned needle hits you!
The kobold shoots a poisoned needle.
The poisoned needle barely misses you.
The poisoned needle barely misses your quokka.
The poisoned needle misses your rat.
Casting: Summon Small Mammal
Confirm with . or Enter, or press ? or * to list all spells.
The kobold shoots a poisoned needle.
The poisoned needle barely misses your rat.
The poisoned needle hits you!
The kobold shoots a poisoned needle.
The poisoned needle hits your rat!
Your rat is poisoned.
Your rat bites the kobold.
Casting: Summon Small Mammal
Confirm with . or Enter, or press ? or * to list all spells.
Nothing appears to happen.
Your rat dies!
Your rat's corpse disappears in a puff of smoke!
The kobold shoots a poisoned needle.
The poisoned needle hits you!
You are poisoned.
You feel sick.
You smack the kobold!
You kill the kobold!
You feel sick.
Wield which item (- for none, * to show all)? (? for menu, Esc to quit)
c - 7 rations (in mouth)
Your transformation is almost over.
You swing at nothing.
You feel sick.
You swing at nothing.
You feel sick.
You swing at nothing.
You feel sick.
You swing at nothing.
You feel sick.
You swing at nothing.
You swing at nothing.
You feel less wooden.
* * * LOW HITPOINT WARNING * * *
You feel sick.
You aren't carrying any potions.
Unknown command.
Items here: ( )))) [[[ ††
* * * LOW HITPOINT WARNING * * *
You feel sick.
You see here a poisoned needle.
* * * LOW HITPOINT WARNING * * *
You feel sick.
The adder hisses angrily.
You see here a rat corpse.
You swap places.
You swap places.
You see here a poisoned needle.
* * * LOW HITPOINT WARNING * * *
You feel sick.
Items here: ( )))) [[[ †† You see here 4 poisoned needles.
Wield which item (- for none, * to show all)? (? for menu, Esc to quit)
You are already wielding that!
You swing at nothing.
Your quokka disappears in a puff of smoke!
You swing at nothing.
* * * LOW HITPOINT WARNING * * *
You feel sick.
You swing at nothing.
The adder bites your rat.
Your rat dies!
Your rat's corpse disappears in a puff of smoke!
Are you sure you want to abandon this character and quit the game? (Confirm with "yes".)

#..........
#.#.# #.#†#
#.(.#.#
#†(...#
#.##### #.#
#S# #@# #.#
#.# #.# #.#
#(# #.# ...


You could see an adder.

Vanquished Creatures
  3 orcs (D:3)
  2 bats (D:1)
  A giant cockroach (D:1)
  2 goblins (D:1)
  2 hobgoblins
  3 jackals (D:2)
  A kobold (D:3)
  2 frilled lizards (D:2)
  2 rats (D:1)
18 creatures vanquished.

Vanquished Creatures (collateral kills)
  An adder (D:2)
  A worm (D:2)
  A dart slug (D:1)
  3 goblins
  2 hobgoblins
  A jackal (D:2)
  A quokka (D:2)
  A frilled lizard (D:1)
  A kobold (D:2)
  2 rats
14 creatures vanquished.

Grand Total: 32 creatures vanquished

Notes
Turn   | Place    | Note
-------+----------+-------------------------------------------
     0 | D:1      | tidbits the Felid Summoner began the quest for the Orb.
     0 | D:1      | Reached XP level 1. HP: 7/7 MP: 4/4
     6 | D:1      | Noticed a rime drake
     6 | D:1      | Noticed a redback
     6 | D:1      | Noticed a polar bear
    68 | D:1      | Reached skill level 3 in Stealth
   238 | D:1      | Reached skill level 1 in Unarmed Combat
   256 | D:1      | Reached XP level 2. HP: 8/11 MP: 6/6
   260 | D:1      | Learned a level 2 spell: Call Imp
   647 | D:2      | Reached skill level 4 in Stealth
   677 | D:2      | Reached XP level 3. HP: 10/14 MP: 4/7
   682 | D:2      | Learned a level 3 spell: Call Canine Familiar
  1077 | D:3      | Reached skill level 2 in Unarmed Combat
  1116 | D:3      | Quit the game

Skill      XL: |  1  2  3 |
---------------+----------+-----
Stealth        | 3 4 |  4.3
Unarmed Combat | 1 2 |  2.0
Dodging        | |  2.6
Spellcasting   | |  2.0
Summonings     | |  4.0

Action                   || total
-------------------------++-------
Melee: Unarmed           ||    59
       Bite              ||     1
 Cast: Summon Small Mamm ||    29
  Use: Scroll            ||     3
       Potion            ||     2
 Stab: Sleeping          ||     8
       Distracted        ||     1
  Eat: Chunk             ||     9
Armor: Skin              ||    10
Dodge: Dodged            ||    42

Table legend:
 A = Turns spent in this place as a percentage of turns spent in the entire game.
 B = Non-inter-level travel turns spent in this place as a percentage of non-inter-level travel turns spent in the entire game.
 C = Inter-level travel turns spent in this place as a percentage of turns spent in this place.
 D = Turns resting spent in this place as a percentage of non-inter-level travel turns spent in this place.
 E = Turns spent auto-exploring this place as a percentage of non-inter-level travel turns spent in this place.
 F = Non-inter-level travel turns spent in this place divided by the number of levels of this place that you've seen.
                   A       B       C       D       E      F
               +-------+-------+-------+-------+-------+----------------------
         Total | 100.0 | 100.0 |   6.9 |   0.0 |   0.0 | 346.3
       Dungeon | 100.0 | 100.0 |   6.9 |   0.0 |   0.0 | 346.3
               +-------+-------+-------+-------+-------+----------------------

Table legend:
 A = Kills in this place as a percentage of kills in entire the game.
 B = Kills by you in this place as a percentage of kills by you in the entire game.
 C = Kills by friends in this place as a percentage of kills by friends in the entire game.
 D = Other kills in this place as a percentage of other kills in the entire game.
 E = Experience gained in this place as a percentage of experience gained in the entire game.
 F = Experience gained in this place divided by the number of levels of this place that you have seen.
                   A       B       C       D       E      F
               +-------+-------+-------+-------+-------+----------------------
         Total | 100.0 | 100.0 | 100.0 |   N/A | 100.0 |  20.3
       Dungeon | 100.0 | 100.0 | 100.0 |   N/A | 100.0 |  20.3
               +-------+-------+-------+-------+-------+----------------------

Vault maps used:
D:1:      onia_arrival_zoo_common
D:2:      kennysheep_big_flooded_room, first_ration,
          chequers_ecumenical_altar_simple
D:3:      kiku_gazebo_garden_becter
